 Dungeon Crawl Stone Soup version 0.25-a0-413-g3b4b6a4ccc (webtiles) character file.

Game seed: 3154349662724263140, levelgen mode: deterministic

34 Conn the Conjurer (level 3, 0/21 HPs)
             Began as an Octopode Conjurer on Jan 15, 2020.
             Slain by a crimson imp (3 damage)
             ... summoned by Natasha
             ... on level 2 of the Dungeon.
             The game lasted 00:05:06 (1218 turns).

Conn the Conjurer (Octopode Conjurer)               Turns: 1218, Time: 00:05:07

Health: 0/21       AC:  1    Str: 13    XL:     3   Next: 31%
Magic:  6/6        EV: 13    Int: 17    God:
Gold:   108        SH:  0    Dex: 12    Spells: 5/6 levels left

rFire    + . .     SeeInvis .   a - +0 dagger
rCold    + . .     Gourm    .   (no shield)
rNeg     . . .     Faith    .   (helmet restricted)
rPois    +         Spirit   .   (no amulet)
rElec    +         Reflect  .   (no ring)
rCorr    +         Harm     .   (no ring)
MR       .....                  (no ring)
Stlth    +++.......             (no ring)
HPRegen  0.07/turn              (no ring)
MPRegen  0.10/turn              (no ring)
                                (no ring)
                                (no ring)

@: mighty, resistant, slowed, very slow
A: almost no armour, stealthy swim, amphibious, 8 rings, constrict 8, camouflage
1, gelatinous body 1
a: no special abilities


You were on level 2 of the Dungeon.
You were not hungry.

You visited 1 branch of the dungeon, and saw 2 of its levels.

You collected 108 gold pieces.

Inventory:

Hand Weapons
 a - a +0 dagger (weapon)
 b - a +1 hunting sling of freezing
Missiles
 i - 56 stones (quivered)
 j - 20 sling bullets
Scrolls
 d - a scroll of teleportation {unknown}
 e - 2 scrolls of enchant weapon {unknown}
 f - a scroll of amnesia {unknown}
 h - 3 scrolls of identify
 k - a scroll of fog {unknown}
 m - a scroll of remove curse {unknown}
 o - a scroll of noise {unknown}
Comestibles
 g - 3 rations
 p - a chunk of flesh


   Skills:
 + Level 0.3 Fighting
 + Level 0.2 Slings
 + Level 2.0 Dodging
 + Level 3.1 Stealth
 + Level 2.1 Spellcasting
 + Level 4.6 Conjurations


You had 5 spell levels left.
You knew the following spells:

 Your Spells              Type           Power        Failure   Level  Hunger
a - Magic Dart            Conj           ###.         2%          1    #......

Your spell library contained the following spells:

 Spells                   Type           Power        Failure   Level  Hunger
 Searing Ray              Conj           ###...       4%          2    ###....
 Dazzling Flash           Conj/Hex       #.....       22%         3    ###....
 Fulminant Prism          Conj/Hex       #.........   58%         4    #####..
 Iskenderun's Mystic Bla  Conj/Tloc      #.......     58%         4    #####..


Dungeon Overview and Level Annotations

Branches:
Dungeon (2/15)

Altars:

Annotations:
D:2 Natasha


Innate Abilities, Weirdness & Mutations

You cannot wear most types of armour.
You are very stealthy in the water. (Stealth+)
You are amphibious.
You can wear up to eight rings at the same time.
You can use your tentacles to constrict eight enemies at once.
Your skin changes colour to match your surroundings (Stealth+).
Your rubbery body absorbs attacks. (AC +1, EV +1)


Message History

The worm is lightly wounded.
Natasha casts a spell.
Natasha mumbles some strange words.
Your +1 hunting sling of freezing stops glowing.
a - a +0 dagger (weapon)
Okay, then.
Okay, then.
You hit Natasha. You grab Natasha. Your squeeze misses Natasha.
Natasha is lightly wounded.
You constrict Natasha, but do no damage.
Natasha misses you. The crimson imp hits you.
A goblin comes into view. It is wielding a +0 club.
Natasha claws you!
* * * LOW HITPOINT WARNING * * *
The crimson imp barely misses you.
You feel better.
You constrict Natasha. Natasha casts a spell at you. The magic dart hits you.
* * * LOW HITPOINT WARNING * * *
The crimson imp hits you.
You die...

....... #####.........
#.....(..!..g.
#.!........... #
#............. . ..
#............. . ...#....#
w...... #....###5##5S.....
#.......wh@......#
#...###..#####....
..####.# . ...#.# # #
#####.#.## #.#. #####
#........####. ...###....
#............. .........
#.....##.......#####<.....
#.....##...........#......


You could see 2 worms, Natasha, 2 crimson imps, a goblin (wandering) and a ball
python.

Vanquished Creatures
  An adder (D:2)
  3 bats
  4 giant cockroaches
  5 goblins
  5 hobgoblins
  A kobold (D:1)
  A rat (D:1)
20 creatures vanquished.

Notes
Turn   | Place    | Note
-------+----------+-------------------------------------------
     0 | D:1      | Conn the Octopode Conjurer began the quest for the Orb.
     0 | D:1      | Reached XP level 1. HP: 11/11 MP: 3/3
   444 | D:1      | Reached XP level 2. HP: 15/17 MP: 0/5
   985 | D:2      | Reached XP level 3. HP: 21/21 MP: 2/6
  1205 | D:2      | Noticed Natasha
  1218 | D:2      | Slain by a crimson imp

Levels and vault maps discovered:
D:1:      saegor_arrival_simple_d, layout_basic
D:2:      layout_rooms, uniq_natasha

Skill      XL: |  1  2 |
---------------+-------+-----
Stealth        | 3 |  3.1
Fighting       | |  0.3
Slings         | |  0.2
Dodging        | |  2.0
Spellcasting   | |  2.1
Conjurations   | |  4.6

Action                   || total
-------------------------++-------
Melee: Dagger            ||    12
       Constrict         ||     3
 Fire: Hunting sling     ||    18
 Cast: Magic Dart        ||    16
  Use: Scroll            ||     1
       Potion            ||     4
 Stab: Sleeping          ||     5
  Eat: Chunk             ||     1
Armor: Skin              ||     4
Dodge: Dodged            ||    15

Table legend:
 A = Non-vault XP
 B = Vault XP
 C = Vault XP percentage of total XP
 D = Non-vault monster count
 E = Vault monster count
 F = Vault count percentage of total count
                 A         B        C        D         E       F
            +---------+---------+-------+---------+---------+-------
      Total |      49 |       0 |   0.0 |      20 |       0 |   0.0
            +---------+---------+-------+---------+---------+-------
        D:1 |      22 |       0 |   0.0 |      12 |       0 |   0.0
        D:2 |      27 |       0 |   0.0 |       8 |       0 |   0.0
            +---------+---------+-------+---------+---------+-------
